 Dungeon Crawl Stone Soup version 0.29-a0-322-g68df515428 (webtiles) character file.

Game seed: 15549961332856312713

22 iguanaiguana the Firebug (level 2, -2/18 HPs)
             Began as a Deep Elf Cinder Acolyte on Apr 6, 2022.
             Was a High Priest of Ignis.
             Slain by a hound (4 damage)
             ... on level 2 of the Dungeon.
             The game lasted 00:03:46 (1179 turns).

iguanaiguana the Firebug (Deep Elf Cinder Acolyte)  Turns: 1179, Time: 00:03:47

Health: -2/18      AC:  2    Str: 11    XL:     2   Next: 68%
Magic:  1/6        EV: 11    Int: 18    God:    Ignis [*****.]
Gold:   27         SH:  0    Dex: 10    Spells: 1/4 levels left

rFire   + . .      SeeInvis .   a - -1 short sword (flame)
rCold   . . .      Faith    .   (no shield)
rNeg    . . .      Spirit   .   b - +0 robe
rPois   .          Reflect  .   (no helmet)
rElec   .          Harm     .   (no cloak)
rCorr   .          Rampage  .   (no gloves)
Will    .....                   (no boots)
Stlth   +.........              (no amulet)
HPRegen 0.06/turn               (no ring)
MPRegen 0.10/turn               (no ring)

@: rising, flying, very slightly contaminated, invisible
A: no striking features
a: Renounce Religion, Fiery Armour, Foxfire Swarm


You were on level 2 of the Dungeon.
You worshipped Ignis.
Ignis was extremely pleased with you.
You visited 1 branch of the dungeon, and saw 2 of its levels.

You collected 27 gold pieces.

Inventory:

Hand Weapons
 a - a -1 short sword of flaming (weapon)
Missiles
 g - 2 poisoned darts (quivered)
Armour
 b - a +0 robe (worn)
Scrolls
 c - 4 scrolls of identify {@r1}
Potions
 e - a potion of resistance {@q5}
 f - a potion of degeneration


   Skills:
 - Level 2.4 Fighting
 - Level 3.0 Short Blades
 + Level 0.1 Dodging
 - Level 1.5 Spellcasting
 * Level 2.3 Conjurations
 + Level 3.5 Fire Magic


You had one spell level left.
You knew the following spells:

 Your Spells              Type           Power      Damage    Failure   Level
a - Magic Dart            Conj           36%        1d4       8%          1
b - Scorch                Fire           28%        2d6       7%          2

Your spell library contained the following spells:

 Spells                   Type           Power      Damage    Failure   Level
 Searing Ray              Conj           18%        2d5       11%         2
 Flame Wave               Conj/Fire      11%        2d5       50%         4
 Fulminant Prism          Conj/Hex       2%         3d6       75%         4
 Irradiate                Conj/Tmut      2%         3d14      97%         5
 Starburst                Conj/Fire      5%         6d4       100%        6


Dungeon Overview and Level Annotations

Branches:
Dungeon (2/15)

Altars:


Message History

You are very lightly contaminated with residual magic.
Nothing appears to happen.
The hound closely misses you.
Casting: Scorch (safe; 7% risk of failure)
Confirm with . or Enter, or press ? or * to list all spells.
You don't have enough magic to cast this spell.
As you read the scroll labelled AFUAPAOLIKK, it crumbles to dust.
It is a scroll of identify.
e - a potion of resistance The hound is no longer more vulnerable to fire.
The hound bites you.
As you read the scroll of identify {@r1}, it crumbles to dust.
f - a potion of degeneration The hound bites you.
The hound bites you but does no damage.
As you read the scroll of identify {@r1}, it crumbles to dust.
h - a potion of invisibility The hound bites you.
* * * LOW HITPOINT WARNING * * *
You fade into invisibility!
The hound misses you. The hound completely misses you.
As you read the scroll labelled IDALECZ GINAGA, it crumbles to dust.
The creatures around you are filled with an inner flame!
It was a scroll of immolation.
The hound misses you.
As you read the scroll labelled XETZIT QAOVE, it crumbles to dust.
The scroll dissolves into smoke.
It was a scroll of fog.
The hound bites you but does no damage. The hound bites you.
* * * LOW HITPOINT WARNING * * *
There is an open door here.
The hound attacks as you move away!
The hound bites you but does no damage. x2
Okay, then.
Okay, then.
Okay, then.
Okay, then.
The hound attacks as you move away! The hound bites you but does no damage.
You aren't carrying any items that you can evoke.
Okay, then.
Okay, then.
You begin to rise into the air.
The hound bites you.
* * * LOW HITPOINT WARNING * * *
The hound bites you.
You die...

...###.# .....>####
#.......[# #........#
##+###§§§§....+
#...§§§§§§§...# ###
#.....§§§§....# #..
#$...§§#§######## #†#
#......#§h@.....#########.#
##.###.########.#.........#
# #. #.#.######### #. #.#.#
#. #.#.# .. #.#.########
#.#........# #.########.#
#.# #.#


You could see a hound (inner flame).

Vanquished Creatures
  2 ball pythons
  2 endoplasms
  A giant cockroach (D:1)
  4 hobgoblins
  2 bats (D:1)
  5 goblins
  A kobold (D:1)
  2 rats (D:1)
19 creatures vanquished.

Notes
Turn   | Place    | Note
-------+----------+-------------------------------------------
     0 | D:1      | iguanaiguana the Deep Elf Cinder Acolyte began the quest
                  | for the Orb.
     0 | D:1      | Reached XP level 1. HP: 13/13 MP: 5/5
     6 | D:1      | Learned a level 1 spell: Magic Dart
   186 | D:1      | Reached skill level 1 in Conjurations
   309 | D:1      | Reached XP level 2. HP: 18/18 MP: 1/6
   437 | D:1      | Learned a level 2 spell: Scorch
   845 | D:1      | Got the Compendium of Confrontation
   960 | D:1      | Found a faded altar of an unknown god.
  1179 | D:2      | Slain by a hound

Illustrated notes

Levels and vault maps discovered:
D:1:      eino_arrival_druids_welcome, layout_basic,
          dilly_ecumenical_altar_fadedgnrine
D:2:      layout_basic, basic_altar, minmay_misc_feat_tower, uniq_natasha

Skill      XL: |  1  2 |
---------------+-------+-----
Conjurations   | 1 2 |  2.3
Fighting       | |  2.4
Short Blades   | |  3.0
Dodging        | |  0.1
Spellcasting   | |  1.5
Fire Magic     | |  3.5

Action                   || total
-------------------------++-------
Melee: Short sword       ||     5
 Cast: Magic Dart        ||    29
       Scorch            ||     6
Invok: Rising Flame      ||     1
  Use: Scroll            ||     5
       Potion            ||     1
Armor: Robe              ||     6
Dodge: Dodged            ||     8

Table legend: (Time is in decaauts)
 A = Elapsed time spent in this place.
 B = Non-inter-level travel time spent in this place.
 C = Inter-level travel time spent in this place.
 D = Time resting spent in this place.
 E = Time spent auto-exploring this place.
 F = Levels seen in this place.
 G = Mean time per level.
                   A        B        C        D        E       F      G
               +--------+--------+--------+--------+--------+-----+--------+
         Total |   1178 |   1138 |     40 |     98 |    927 |   2 |  589.0 |
       Dungeon |   1178 |   1138 |     40 |     98 |    927 |   2 |  589.0 |
               +--------+--------+--------+--------+--------+-----+--------+

Top non-repeatable levels by time:
     D:1: 988 daAuts
     D:2: 189 daAuts
